 Dungeon Sprint DCSS version 0.16-a0-3807-g3748f16 (webtiles) character file.

195 PolkaDot the Martial Artist (level 5, -12/52 HPs)
             Began as a Draconian Monk on Jan 27, 2015.
             Was a Priest of Dithmenos.
             Mangled by a phantasmal warrior (24 damage)
             ... in the Dungeon (Sprint VII: "The Pits").
             The game lasted 00:01:59 (323 turns).

PolkaDot the Martial Artist (Draconian Monk)         Turns: 323, Time: 00:01:59

Health: -12/52     AC:  5    Str: 13      XL:     5   Next: 45%
Magic:  5/5        EV: 14    Int: 11      God:    Dithmenos [***...]
Gold:   0          SH:  0    Dex: 12 (14) Spells: 0 memorised, 4 levels left

rFire  . . .     SeeInvis .       - Unarmed
rCold  . . .     Clarity  .     (armour unavailable)
rNeg   . . .     SustAb   .     (no shield)
rPois  .         Gourm    .     (helmet restricted)
rElec  .         Spirit   .     (no cloak)
rCorr  .         Warding  .     (no gloves)
rMut   .         NoTele   +     (no boots)
MR     .....                    (no amulet)
Stlth  ++........               (no ring)
                                (no ring)

@: exhausted, slowed, wreathed by umbra, very slow, not resistant to hostile
enchantments, unstealthy
A: unfitting armour, cold-blooded, AC +5
a: Shadow Step, Renounce Religion


You were in the Dungeon.
You worshipped Dithmenos.
Dithmenos was most pleased with you.
You were not hungry.

You visited 1 branch

Inventory:

Scrolls
 h - a scroll of blinking
 k - 3 scrolls of remove curse
 l - 5 scrolls of amnesia
 m - a scroll of summoning
Potions
 d - a potion of heal wounds
 e - a potion of haste
 f - 4 potions of magic
 g - 2 potions of berserk rage
 j - 2 potions of invisibility
Comestibles
 a - 40 fruits
 b - 8 bread rations
 i - 7 meat rations


   Skills:
 + Level 7.1 Fighting
 + Level 5.8 Dodging
 - Level 1.7 Stealth
 * Level 9.0 Unarmed Combat


You had 4 spell levels left.
You didn't know any spells.

Dungeon Overview and Level Annotations

Branches:
Dungeon (1/1)

Altars:
Ashenzari
Cheibriados
Dithmenos
Elyvilon
Fedhas
Gozag
Kikubaaqudgha
Makhleb
Nemelex Xobeh
Okawaru
Qazlal
Ru
Sif Muna
Trog
Vehumet
Xom
Yredelemnul
Zin
The Shining One
Beogh
Jiyva
Lugonu


Innate Abilities, Weirdness & Mutations

Your plain brown scales are hard (AC +5).
Your body does not fit into most forms of armour.
Your cold-blooded metabolism reacts poorly to cold.


Message History

The phantasmal warrior is severely damaged.
The phantasmal warrior closely misses you.
You closely miss the phantasmal warrior.
The phantasmal warrior is severely damaged.
The phantasmal warrior hits you!!
* * * LOW HITPOINT WARNING * * *
You hit the phantasmal warrior.
Your tail-slap misses the phantasmal warrior.
You punch the phantasmal warrior, but do no damage.
The phantasmal warrior is almost destroyed.
You hit the phantasmal warrior but do no damage.
The phantasmal warrior is almost destroyed.
You are no longer berserk.
You are exhausted.
You feel yourself slow down.
The phantasmal warrior closely misses you.
You hit the phantasmal warrior but do no damage.
The phantasmal warrior is almost destroyed.
The phantasmal warrior hits you!!
You die...

#.#
#.......#
#.#
#.......#
#'#######
#.......#
#.......#
#########
#..###..#
#.......#
##.###.##+#
#.......#.+
#..###..#@#
#.......W†#
###########


You could see a phantasmal warrior.

Vanquished Creatures
  A water moccasin (D)
  A scorpion (D)
  A quasit (D)
  A worm (D)
  A hobgoblin (D)
  2 bats (D)
  A rat (D)
8 creatures vanquished.

Notes
Turn   | Place    | Note
--------------------------------------------------------------
     0 | D        | PolkaDot, the Draconian Monk, began the quest for the Orb.
     0 | D        | Reached XP level 1. HP: 19/19 MP: 1/1
    24 | D        | Found a sacrificial altar of Ru.
    24 | D        | Found a basalt altar of Yredelemnul.
    24 | D        | Found a shadowy altar of Dithmenos.
    24 | D        | Found a deep blue altar of Sif Muna.
    24 | D        | Found a burning altar of Makhleb.
    24 | D        | Found a shimmering altar of Xom.
    24 | D        | Found an ancient bone altar of Kikubaaqudgha.
    24 | D        | Found a sparkling altar of Nemelex Xobeh.
    25 | D        | Found a glowing golden altar of the Shining One.
    25 | D        | Found a bloodstained altar of Trog.
    25 | D        | Found a shattered altar of Ashenzari.
    25 | D        | Found a white marble altar of Elyvilon.
    25 | D        | Found a snail-covered altar of Cheibriados.
    25 | D        | Found a blossoming altar of Fedhas.
    25 | D        | Found a radiant altar of Vehumet.
    25 | D        | Found a glowing silver altar of Zin.
    25 | D        | Found a corrupted altar of Lugonu.
    25 | D        | Found a viscous altar of Jiyva.
    25 | D        | Found a roughly hewn altar of Beogh.
    25 | D        | Found an iron altar of Okawaru.
    48 | D        | Found a stormy altar of Qazlal.
    48 | D        | Found an opulent altar of Gozag.
    56 | D        | Became a worshipper of Dithmenos the Shadowed
    56 | D        | Acquired Dithmenos' first power
    77 | D        | Noticed a scorpion
    83 | D        | Killed a scorpion
    83 | D        | Reached skill level 5 in Fighting
    83 | D        | Reached skill level 6 in Unarmed Combat
    83 | D        | Reached XP level 2. HP: 22/29 MP: 2/2
    83 | D        | Reached XP level 3. HP: 27/36 MP: 3/3
   164 | D        | Noticed a quasit
   196 | D        | Killed a quasit
   196 | D        | Acquired Dithmenos' second power
   196 | D        | Reached skill level 7 in Unarmed Combat
   196 | D        | Reached XP level 4. HP: 32/44 MP: 4/4
   291 | D        | Noticed a water moccasin
   308 | D        | Killed a water moccasin
   308 | D        | Reached skill level 5 in Dodging
   308 | D        | Reached skill level 9 in Unarmed Combat
   308 | D        | Reached XP level 5. HP: 35/52 MP: 5/5
   310 | D        | Noticed a phantasmal warrior
   323 | D        | Mangled by a phantasmal warrior

Action                   |  1- 3 |  4- 6 || total
-------------------------+-------+-------++-------
Melee: Unarmed           |    37 |    30 ||    67
  Use: Potion            |       |     2 ||     2
 Stab: Sleeping          |       |     1 ||     1
